 Dungeon Crawl Stone Soup version 0.28-a0-206-gc2c9e32840 (webtiles) character file.

Game seed: 10416865519462701332

4 Anon1729 the Skirmisher (level 1, -1/20 HPs)
             Began as a Minotaur Monk on Aug 20, 2021.
             Slain by a ball python (3 damage)
             ... on level 1 of the Dungeon.
             The game lasted 00:00:25 (71 turns).

Anon1729 the Skirmisher (Minotaur Monk)               Turns: 71, Time: 00:00:26

Health: -1/20      AC:  2    Str: 15    XL:     1   Next: 50%
Magic:  0/0        EV:  9    Int:  7    God:
Gold:   0          SH:  0    Dex: 12    Spells: 0/0 levels left

rFire   . . .      SeeInvis .   a - +0 spear
rCold   . . .      Faith    .   (no shield)
rNeg    . . .      Spirit   .   b - +0 robe
rPois   .          Reflect  .   (helmet restricted)
rElec   .          Harm     .   (no cloak)
rCorr   .          Rampage  .   (no gloves)
Will    .....                   (no boots)
Stlth   ++........              (no amulet)
HPRegen 0.06/turn               (no ring)
MPRegen 0.07/turn               (no ring)

@: constricted
A: horns 2, retaliatory headbutt
a: no special abilities


You were on level 1 of the Dungeon.
You visited 1 branch of the dungeon, and saw 1 of its levels.

Inventory:

Hand Weapons
 a - a +0 spear (weapon)
Armour
 b - a +0 robe (worn)


   Skills:
 + Level 3.7 Fighting
 - Level 3.6 Polearms
 + Level 0.5(2.3) Staves
 + Level 3.3 Dodging
 + Level 1.6 Stealth


You couldn't memorise any spells.
You didn't know any spells.
Your spell library was empty.

Dungeon Overview and Level Annotations

Branches:
Dungeon (1/15)

Altars:


Innate Abilities, Weirdness & Mutations

You have a pair of horns on your head.
You reflexively headbutt those who attack you in melee.


Message History

You are too injured to fight recklessly!
You are too injured to fight recklessly!
You are too injured to fight recklessly!
You are too injured to fight recklessly!
You are too injured to fight recklessly!
You are too injured to fight recklessly!
You are too injured to fight recklessly!
You are too injured to fight recklessly!
You are too injured to fight recklessly!
You are too injured to fight recklessly!
You are too injured to fight recklessly!
You are too injured to fight recklessly!
You are too injured to fight recklessly!
You are too injured to fight recklessly!
You are too injured to fight recklessly!
You are too injured to fight recklessly!
You are too injured to fight recklessly!
You are too injured to fight recklessly!
The ball python's grasp on you weakens, but your attempt to escape fails.
The ball python closely misses you. The ball python constricts you.
The frilled lizard bites you.
The frilled lizard bites you but does no damage.
The ball python bites you.
* * * LOW HITPOINT WARNING * * *
The ball python constricts you.
You escape the ball python's grasp.
The frilled lizard barely misses you. x2
The frilled lizard bites you.
* * * LOW HITPOINT WARNING * * *
The frilled lizard barely misses you. The ball python bites you.
* * * LOW HITPOINT WARNING * * *
The ball python barely misses you. The ball python bites you.
* * * LOW HITPOINT WARNING * * *
The ball python grabs you. The ball python constricts you.
Found a stone staircase leading down.
You closely miss the ball python.
The ball python is moderately wounded.
The ball python bites you.
You die...

.# #######'# .#
.......<# #####
######### #...#####
## ......... >#
#.#.##### .#
#.#.....# .#
#.#.....#########.#
............lllS@.#
...#........l.l####
...#.........l......
...+...#.......#####
...###.#.......#
.... #+#††.....#
.##. ..........# .
.#...........#
...........#


You could see a ball python and 6 frilled lizards.

Vanquished Creatures
  An endoplasm (D:1)
  A quokka (D:1)
  2 frilled lizards (D:1)
4 creatures vanquished.

Notes
Turn   | Place    | Note
-------+----------+-------------------------------------------
     0 | D:1      | Anon1729 the Minotaur Monk began the quest for the Orb.
     0 | D:1      | Reached XP level 1. HP: 19/19 MP: 0/0
    71 | D:1      | Slain by a ball python

Illustrated notes

Levels and vault maps discovered:
D:1:      wheals_arrival_linesprint, layout_basic, serial_shops,
          nicolae_shop_trees, serial_bayou_pond_c, minmay_stone_trees_small,
          minmay_lizard_pond

Action                   || total
-------------------------++-------
Melee: Spear             ||    12
       Headbutt          ||     1
Armor: Robe              ||     2
Dodge: Dodged            ||    18

Table legend: (Time is in decaauts)
 A = Elapsed time spent in this place.
 B = Non-inter-level travel time spent in this place.
 C = Inter-level travel time spent in this place.
 D = Time resting spent in this place.
 E = Time spent auto-exploring this place.
 F = Levels seen in this place.
 G = Mean time per level.
                   A        B        C        D        E       F      G
               +--------+--------+--------+--------+--------+-----+--------+
         Total |     70 |     70 |      0 |      0 |     45 |   1 |   70.0 |
       Dungeon |     70 |     70 |      0 |      0 |     45 |   1 |   70.0 |
               +--------+--------+--------+--------+--------+-----+--------+

Top non-repeatable levels by time:
     D:1: 70 daAuts
